 Dungeon Crawl Stone Soup version 0.21.0-24-g2553a33 (webtiles) character file.

4715 opunya the Spear-Bearer (level 10, 0/141 HPs)
             Began as a Minotaur Fighter on Jan 19, 2018.
             Was a Priest of Trog.
             Slain by a killer bee (7 damage)
             ... summoned by an orange crystal statue
             ... while paralysed
             ... on level 8 of the Dungeon.
             The game lasted 01:05:13 (8169 turns).

opunya the Spear-Bearer (Minotaur Fighter)          Turns: 8169, Time: 01:05:15

Health: 0/141      AC: 11    Str: 30    XL:     10   Next: 22%
Magic:  0/9        EV:  2    Int: -1 (5) God:    Trog [***...]
Gold:   431        SH:  0    Dex:  9    Spells: 9/9 levels left

rFire    + . .     SeeInvis .   a - +0 trident
rCold    . . .     Gourm    .   c - +0 shield
rNeg     + . .     Faith    .   E - +5 ring mail "Rigg" {rF+}
rPois    .         Spirit   .   (helmet restricted)
rElec    .         Reflect  .   A - scarf {repulsion}
rCorr    .         Harm     .   (no gloves)
MR       .....                  (no boots)
Stlth    ..........             (no amulet)
HPRegen  0.33/turn              B - ring of positive energy
MPRegen  0.11/turn              (no ring)

@: paralysed, berserking, lethally poisoned (0 -> -18), slowed, lost
intelligence, drained, repel missiles
A: retaliatory headbutt, horns 2
a: Berserk, Trog's Hand, Burn Spellbooks, Renounce Religion


You were on level 8 of the Dungeon.
You worshipped Trog.
Trog was most pleased with you.
You were near starving.

You visited 1 branch of the dungeon, and saw 8 of its levels.

You collected 431 gold pieces.

Inventory:

Hand Weapons
 a - a +0 trident (weapon)
Armour
 c - a +0 shield (worn)
 u - a +0 plate armour
 A - a scarf of repulsion (worn)
 E - the +5 ring mail "Rigg" (worn) {rF+}
   (You found it on level 7 of the Dungeon)

   It protects you from fire.
Jewellery
 B - a ring of positive energy (left hand)
Wands
 n - a wand of acid (4)
 r - a wand of digging (11)
Scrolls
 e - 2 scrolls of remove curse
 g - 3 scrolls of enchant armour {unknown}
 h - 5 scrolls of enchant weapon {unknown}
 i - 12 scrolls of identify {unknown}
 k - 2 scrolls of blinking {unknown}
 l - 2 scrolls of fear {unknown}
 o - 4 scrolls of teleportation {unknown}
 q - a scroll of magic mapping {unknown}
 v - a scroll of random uselessness {unknown}
 y - a scroll of immolation {unknown}
 C - a scroll of amnesia {unknown}
 D - a scroll of noise {unknown}
Potions
 b - 6 potions of curing {unknown}
 d - 2 potions of might
 j - a potion of mutation {unknown}
 m - 3 potions of degeneration {unknown}
 p - 2 potions of flight {unknown}
 s - a potion of heal wounds {unknown}
 w - 2 potions of haste {unknown}
 x - 2 potions of cancellation {unknown}
 z - a potion of lignification {unknown}
Comestibles
 f - 9 rations


   Skills:
 + Level 10.3(10.2) Fighting
 + Level 11.7(11.6) Polearms
 - Level 8.1(7.9) Armour
 - Level 0.7(0.6) Stealth
 - Level 7.0(6.8) Shields


You had 9 spell levels left.
You didn't know any spells.

Dungeon Overview and Level Annotations

Branches:
Dungeon (8/15)             Temple (0/1) D:6
   Lair: D:8-11

Altars:
Elyvilon
Makhleb
Trog
Xom
Yredelemnul
Beogh

Annotations:
D:8 exclusion: orange crystal statue


Innate Abilities, Weirdness & Mutations

You reflexively headbutt those who attack you in melee.
You have a pair of horns on your head.


Message History

The orange crystal statue fixes its piercing gaze on you.
You feel dopey.
You have lost your intelligence.
Something feeds on your intellect! The killer bee stings you.
* * * LOW HITPOINT WARNING * * *
The killer bee stings you but does no damage. x2
The killer bee barely misses you.
The killer bee stings you but does no damage.
You feel sick.
The killer bee stings you but does no damage.
The killer bee stings you.
* * * LOW HITPOINT WARNING * * *
The killer bee stings you.
* * * LOW HITPOINT WARNING * * *
You are more poisoned.
The killer bee poisons you!
The killer bee stings you but does no damage.
The killer bee barely misses you. The killer bee stings you.
* * * LOW HITPOINT WARNING * * *
The killer bee barely misses you. The killer bee stings you!
You die...

.......#........# #..#.#.##.....
.......#........# #..#.#.##....#
#.....##........# #..#.#.##....)
###.####........# ##..#.#.######)
................# #...#.#.######.
##..###.........###...#........+.
.......###..######....#.#.######.
.......# ##.####yy....#.#.# #.
.......# #.#8[y@.....#.#.### ##
.[.....# #.####yy....#.._..#
.......# #....###....#.#.#.####
.......# ####...##...#........+
.......### ###..#...#.#.######
.........########.##..#.......#
#........'......)..#..#.#.###.#
#........#########.#..#.#...#.#
#........### #.#..#.#.#.#.#


You could see an orange crystal statue and 5 killer bees.

Vanquished Creatures
  The ghost of tidbits the Firebug, a novice GnFE of Cheibriados (D:7)
  The ghost of MenacingMecha the Cleaver, a novice MiBe of Trog (D:5)
  The ghost of tidbits the Firebug, a novice GnFE (D:6)
  Prince Ribbit (D:8)
  Sigmund (D:3)
  A water moccasin (D:6)
  2 ice beasts
  3 orc warriors (D:8)
  3 phantoms
  An eye of draining (D:8)
  5 ogres
  A centaur (D:8)
  A crocodile (D:7)
  A big kobold (D:7)
  5 bullfrogs
  2 water moccasin zombies (D:8)
  A water moccasin skeleton (D:5)
  4 scorpions
  5 howler monkeys
  2 crimson imps (D:5)
  A quasit (D:8)
  6 orc wizards
  3 orc priests
  A gnoll shaman (D:8)
  4 hounds
  A bullfrog skeleton (D:8)
  4 worker ants
  3 hound skeletons
  6 gnolls
  6 adders
  4 shadow imps
  5 oozes
  An adder skeleton (D:8)
  A worm (D:2)
  A dart slug (D:1)
  4 leopard geckos
  37 orcs
  5 giant cockroaches
  8 goblins
  16 hobgoblins
  5 jackals (D:6)
  3 quokkas
  3 ball pythons
  7 bats
  2 frilled lizards
  9 kobolds
  A leopard gecko skeleton (D:7)
  A quokka skeleton (D:4)
  A quokka zombie (D:7)
  7 rats
198 creatures vanquished.

Notes
Turn   | Place    | Note
-------+----------+-------------------------------------------
     0 | D:1      | opunya the Minotaur Fighter began the quest for the Orb.
     0 | D:1      | Reached XP level 1. HP: 19/19 MP: 0/0
   102 | D:1      | Reached XP level 2. HP: 24/27 MP: 1/1
   572 | D:2      | Reached XP level 3. HP: 30/33 MP: 2/2
   796 | D:2      | Reached skill level 3 in Polearms
  1096 | D:3      | Reached XP level 4. HP: 38/41 MP: 3/3
  1173 | D:3      | Noticed a phantom
  1202 | D:3      | Killed a phantom
  1202 | D:3      | Reached skill level 5 in Fighting
  1202 | D:3      | Reached skill level 4 in Polearms
  1202 | D:3      | Reached XP level 5. HP: 31/48 MP: 4/4
  1417 | D:3      | Found a bloodstained altar of Trog.
  1446 | D:3      | Reached skill level 5 in Polearms
  1474 | D:3      | Became a worshipper of Trog the Wrathful
  1749 | D:3      | Noticed Sigmund
  1774 | D:3      | Killed Sigmund
  1774 | D:3      | Reached skill level 6 in Polearms
  1774 | D:3      | Reached XP level 6. HP: 46/56 MP: 5/5
  1913 | D:3      | Reached * piety under Trog
  2421 | D:4      | Reached skill level 7 in Polearms
  2969 | D:4      | Reached XP level 7. HP: 62/62 MP: 6/6
  3064 | D:5      | Entered Level 5 of the Dungeon
  3070 | D:5      | Reached skill level 8 in Polearms
  3074 | D:5      | Noticed MenacingMecha's ghost (novice MiBe)
  3092 | D:5      | Killed MenacingMecha's ghost
  3488 | D:5      | Found a burning altar of Makhleb.
  3577 | D:5      | Reached XP level 8. HP: 71/71 MP: 7/7
  3775 | D:5      | Reached ** piety under Trog
  3779 | D:5      | Found a white marble altar of Elyvilon.
  4216 | D:6      | Noticed tidbits's ghost (novice GnFE)
  4229 | D:6      | Killed tidbits's ghost
  4341 | D:6      | Reached skill level 5 in Shields
  4490 | D:6      | Reached XP level 9. HP: 68/82 MP: 8/8
  4715 | D:6      | Found a staircase to the Ecumenical Temple.
  4864 | D:6      | Reached skill level 9 in Polearms
  5368 | D:7      | Identified the Compendium of Harmful Creation
  5388 | D:7      | Noticed tidbits's ghost (novice GnFE)
  5398 | D:7      | Killed tidbits's ghost
  5943 | D:7      | Got a spiked ring mail
  5954 | D:7      | Identified the +5 ring mail "Rigg" {rF+} (You found it on level 7 of the Dungeon)
  6232 | D:8      | Reached skill level 10 in Polearms
  6331 | D:8      | Reached *** piety under Trog
  6490 | D:8      | Found a roughly hewn altar of Beogh.
  6809 | D:8      | Reached skill level 10 in Fighting
  6813 | D:8      | Reached skill level 11 in Polearms
  6854 | D:8      | Found a shimmering altar of Xom.
  6871 | D:8      | Reached XP level 10. HP: 77/93 MP: 9/9
  6992 | D:8      | Reached **** piety under Trog
  7018 | D:8      | Noticed Prince Ribbit
  7405 | D:8      | Killed Prince Ribbit
  7726 | D:8      | Found a basalt altar of Yredelemnul.
  7765 | D:8      | Noticed an orange crystal statue
  8130 | D:8      | Noticed a two-headed ogre
  8148 | D:8      | Noticed a two-headed ogre
  8168 | D:8      | Lost intelligence.
  8169 | D:8      | HP: 7/141 [killer bee[an orange crystal statue] (3)]
  8169 | D:8      | Slain by a killer bee

Skill      XL: |  1  2  3  4  5  6  7  8  9 |
---------------+----------------------------+-----
Shields        | 4 5 7 |  7.0
Fighting       | 4 5 6 8 10 | 10.3
Polearms       | 3 4 6 7 8 11 | 11.7
Armour         | 6 8 |  8.1
Stealth        | |  0.7

Action                   |  1- 3 |  4- 6 |  7- 9 | 10-12 || total
-------------------------+-------+-------+-------+-------++-------
Melee: Trident           |    99 |    93 |   390 |   222 ||   804
       Headbutt          |    10 |    16 |    69 |    51 ||   146
Invok: Berserk           |       |     2 |     4 |     3 ||     9
       Burn Spellbooks   |       |     1 |     1 |       ||     2
  Use: Scroll            |       |     1 |       |       ||     1
  Eat: Chunk             |     1 |     3 |    10 |     2 ||    16
       Ration            |       |     1 |     2 |     1 ||     4
Armor: Scale mail        |    29 |       |       |       ||    29
       Chain mail        |    11 |    36 |    85 |       ||   132
       Ring mail         |       |       |    47 |    55 ||   102
Dodge: Dodged            |    22 |    23 |    84 |    70 ||   199
       Deflected         |       |       |     1 |     1 ||     2
Block: Shield            |    34 |    40 |   176 |    76 ||   326
